 Dungeon Crawl Stone Soup version 0.26-a0-255-gd5f3108e62 (webtiles) character file.

Game seed: 9467272391094423323

187 drasked the Chopper (level 5, 41/41 HPs)
             Began as a Gnoll Wanderer on July 9, 2020.
             Quit the game on level 3 of the Dungeon.
             The game lasted 00:05:49 (2970 turns).

drasked the Chopper (Gnoll Wanderer)                Turns: 2970, Time: 00:05:50

Health: 41/41      AC: 13    Str: 18    XL:     5   Next: 66%
Magic:  7/7        EV:  6    Int: 13    God:
Gold:   121        SH:  4    Dex: 13    Spells: 7/7 levels left

rFire    + . .     SeeInvis .   w - +2 whip (venom)
rCold    . . .     Faith    .   i - +0 buckler
rNeg     . . .     Spirit   .   f - +0 plate armour
rPois    .         Reflect  .   d - +0 helmet
rElec    .         Harm     .   (no cloak)
rCorr    .                      (no gloves)
MR       .....                  (no boots)
Stlth    ..........             (no amulet)
HPRegen  0.13/turn              F - ring of protection from fire {rF+, !d}
MPRegen  0.10/turn              (no ring)

@: no status effects
A: distributed training, fangs 1, strong nose
a: no special abilities


You were on level 3 of the Dungeon.
You were not hungry.

You visited 1 branch of the dungeon, and saw 3 of its levels.

You collected 121 gold pieces.

Inventory:

Hand Weapons
 a - a +0 hunting sling
   (You took it off a goblin on level 2 of the Dungeon)
 w - a +2 whip of venom (weapon)
   (You took it off a kobold on level 3 of the Dungeon)
Missiles
 l - 13 poisoned darts
 o - 9 sling bullets
 r - 2 silver boomerangs
 Q - 216 stones (quivered)
Armour
 d - a +0 helmet (worn)
   (You found it on level 1 of the Dungeon)
 f - a +0 plate armour (worn)
   (You found it on level 1 of the Dungeon)
 i - a +0 buckler (worn)
   (You found it on level 1 of the Dungeon)
Jewellery
 s - an uncursed ring of flight {unknown}
   (You found it on level 3 of the Dungeon)
 F - a ring of protection from fire (left hand) {rF+, !d}
   (You found it on level 2 of the Dungeon)
Wands
 u - a wand of polymorph (11)
   (You found it on level 3 of the Dungeon)
 D - a wand of digging (5)
   (You took it off a goblin on level 2 of the Dungeon)
Scrolls
 b - a scroll of blinking {unknown}
 g - 4 scrolls of identify {unknown}
 h - 2 scrolls of amnesia {unknown}
 k - 3 scrolls of remove curse {unknown}
 n - a scroll of enchant armour {unknown}
 p - 2 scrolls of magic mapping {unknown}
 t - a scroll of teleportation {unknown}
Potions
 c - a potion of lignification {!q!q}
 j - a potion of flight {unknown}
 m - a potion of heal wounds {unknown}
 q - a potion of resistance {unknown}
 v - a potion of cancellation {unknown}
 x - a potion of mutation {unknown}
 y - a potion of curing {unknown}
Comestibles
 e - 10 rations


   Skills:
 + Level 3.0 Fighting
 + Level 1.5 Short Blades
 + Level 1.5 Long Blades
 + Level 6.7 Axes
 + Level 4.8 Maces & Flails
 + Level 1.5 Polearms
 + Level 1.5 Staves
 + Level 1.5 Slings
 + Level 1.5 Bows
 + Level 1.5 Crossbows
 + Level 1.5 Throwing
 + Level 4.8 Armour
 + Level 1.5 Dodging
 + Level 1.5 Stealth
 + Level 3.0 Shields
 + Level 1.5 Unarmed Combat
 + Level 1.5 Spellcasting
 + Level 1.2 Conjurations
 + Level 1.2 Hexes
 + Level 1.2 Charms
 + Level 1.2 Summonings
 + Level 1.2 Necromancy
 + Level 1.2 Translocations
 + Level 1.2 Transmutations
 + Level 1.2 Fire Magic
 + Level 1.2 Ice Magic
 + Level 1.2 Air Magic
 + Level 1.2 Earth Magic
 + Level 1.2 Poison Magic
 + Level 1.7 Invocations
 + Level 3.0 Evocations


You had 7 spell levels left.
You didn't know any spells.
Your spell library was empty.

Dungeon Overview and Level Annotations

Branches:
Dungeon (3/15)

Altars:
Gozag
Kikubaaqudgha
Qazlal
Zin


Innate Abilities, Weirdness & Mutations

Your experience applies equally to all skills.
You have very sharp teeth.
Your uncanny sense of smell can sniff out nearby items.


Message History

An orc is nearby!
An orc is nearby!
Throwing (i - inventory. (/) - cycle)
Q - 185 stones (quivered)
Aim: an orc, quivering 2 silver boomerangs You throw a stone.
The stone barely misses the orc.
The orc throws a silver boomerang.
The silver boomerang hits you but does no damage.
The weapon returns to the orc!
Throwing (i - inventory. (/) - cycle)
Q - 184 stones (quivered)
Aim: an orc, quivering 2 silver boomerangs You throw a stone.
The stone hits the orc.
The orc throws a silver boomerang.
The silver boomerang completely misses you.
The weapon returns to the orc!
Your +2 whip of venom stops dripping with poison.
You are now empty-handed.
a - a +0 hunting sling (weapon)
Firing (i - inventory. (/) - cycle)
o - 9 sling bullets (quivered)
Aim: an orc, quivering 2 silver boomerangs (moderately wounded)
You shoot a sling bullet.
The sling bullet closely misses the orc.
The orc throws a silver boomerang.
The silver boomerang hits you but does no damage.
The weapon returns to the orc!
Firing (i - inventory. (/) - cycle)
o - 8 sling bullets (quivered)
Aim: an orc, quivering 2 silver boomerangs (moderately wounded)
You shoot a sling bullet.
The sling bullet closely misses the orc.
The orc throws a silver boomerang.
The silver boomerang hits you but does no damage.
The weapon returns to the orc!
The orc throws a silver boomerang.
The silver boomerang hits you but does no damage.
The weapon returns to the orc!
Firing (i - inventory. (/) - cycle)
o - 7 sling bullets (quivered)
Aim: an orc, quivering 2 silver boomerangs (moderately wounded)
You shoot a sling bullet. The sling bullet hits the orc!
You kill the orc!
No target in view!
No target in view!
There is an open door here.
o - 9 sling bullets (gained 3)
You see here 2 silver boomerangs.
r - 2 silver boomerangs
Q - 185 stones (gained 2)
You start resting.
As you open the door, it creaks loudly!
There is an open door here.
You open the door. 3 bats and a rat come into view.
The bat hits you but does no damage.
There are monsters nearby!
Your +2 whip of venom begins to drip with poison!
w - a +2 whip of venom (weapon)
The bat hits you but does no damage.
You hit the bat but do no damage.
The bat is poisoned.
The bat hits you but does no damage.
You barely miss the bat. The bat barely misses you.
The bat hits you but does no damage. x2
You whack the bat!
You kill the bat!
The bat hits you. The bat hits you but does no damage.
You closely miss the bat. You block the bat's attack.
The bat hits you but does no damage.
You whack the rat!
You kill the rat!
You block the bat's attack.
You closely miss the bat. You block the bat's attack.
The bat closely misses you. The bat hits you but does no damage.
You closely miss the bat. You block the bat's attack. x2
The bat hits you but does no damage.
You hit the bat.
You kill the bat!
The bat closely misses you.
Throwing (i - inventory. (/) - cycle)
Q - 185 stones (quivered)
Aim: a bat You throw a stone.
The stone hits the bat but does no damage.
The bat barely misses you.
You hit the bat.
You kill the bat!
No target in view!
No target in view!
You see here a bat corpse.
Q - 185 stones (gained 1)
There is an open door here.
You see here a bat corpse.
There is an open door here.
Things that are here:
a bat corpse x2
k - 3 scrolls labeled ICOIVI FAOTET (gained 1)
Q - 216 stones (gained 31)
You now have 121 gold pieces (gained 11).
s - a tubular silver ring
e - 10 rations (gained 2) Done exploring.
Done exploring.
Done exploring.
No target in view!
Done exploring.
Unknown command.
Okay, then.

.....#.....##.....##### #.##.._
.....###############..## #..#...
.....# ##..##....# #..#... .....#
#....'...)####..+..† .....#
#....##.†##..##.#... .....#
####..###†#'....#.#... .....#
####..#'##...##....#.#...
#########.†)...##.....##.†##.#.##
#........#....#@......##'##....#
#.......###..##[..8...##..##...#
#.......# ##'##)......#....#...#
#.......# ##..##.....##...)#....
#.......# #....##...##'#..##....
#.......# #....'#+###..####.....
##...##..# ##..##..##....##......
#8...8#..# ####...)†....##....#.
##...##..# #....##..###.#..#.


There were no monsters in sight!

Levels and vault maps discovered:
D:1:      dpeg_arrival_caged_fury, layout_basic, st_stairs_11
D:2:      layout_rooms, old_standard_altar, nicolae_overflow_hidden_temple
D:3:      minmay_bubble_buster, layout_basic, grunt_temple_overflow_open,
          serial_corexii_hall, corexii_hall_statues_i,
          chequers_hall_statues_wall_a, corexii_hall_statues_s,
          corexii_hall_statues_deadend, chequers_hall_statues_corner_a,
          corexii_hall_statues_t

Notes
Turn   | Place    | Note
-------+----------+-------------------------------------------
     0 | D:1      | drasked the Gnoll Wanderer began the quest for the Orb.
     0 | D:1      | drasked set off with the following items: a +2 hand axe, a
                  | +0 ring mail, a potion of lignification {!q!q}, 2 rations
     0 | D:1      | Reached XP level 1. HP: 17/17 MP: 1/1
     1 | D:1      | Found a runed translucent door.
    48 | D:1      | Identified a +0 club
    52 | D:1      | Identified a +0 club
    54 | D:1      | Identified a +0 club
    60 | D:1      | Reached XP level 2. HP: 18/23 MP: 2/2
    73 | D:1      | Identified a +0 helmet (You found it on level 1 of the
                  | Dungeon)
    83 | D:1      | Identified a +0 plate armour (You found it on level 1 of
                  | the Dungeon)
   466 | D:1      | Identified a +0 club
   472 | D:1      | Reached XP level 3. HP: 28/28 MP: 3/3
   559 | D:1      | Identified a +0 dagger
   582 | D:1      | Identified a +0 buckler (You found it on level 1 of the
                  | Dungeon)
   825 | D:1      | Reached skill level 1 in Invocations
   843 | D:1      | Reached skill level 1 in Short Blades
   843 | D:1      | Reached skill level 1 in Long Blades
   843 | D:1      | Reached skill level 1 in Polearms
   843 | D:1      | Reached skill level 1 in Staves
   843 | D:1      | Reached skill level 1 in Slings
   843 | D:1      | Reached skill level 1 in Bows
   843 | D:1      | Reached skill level 1 in Crossbows
   843 | D:1      | Reached skill level 1 in Throwing
   843 | D:1      | Reached skill level 1 in Dodging
   843 | D:1      | Reached skill level 1 in Stealth
   843 | D:1      | Reached skill level 1 in Unarmed Combat
   843 | D:1      | Reached skill level 1 in Spellcasting
   848 | D:1      | Reached XP level 4. HP: 34/34 MP: 5/5
   979 | D:2      | Identified a +0 club
  1142 | D:2      | Identified a +0 club
  1146 | D:2      | Reached skill level 1 in Conjurations
  1146 | D:2      | Reached skill level 1 in Hexes
  1146 | D:2      | Reached skill level 1 in Charms
  1146 | D:2      | Reached skill level 1 in Summonings
  1146 | D:2      | Reached skill level 1 in Necromancy
  1146 | D:2      | Reached skill level 1 in Translocations
  1146 | D:2      | Reached skill level 1 in Transmutations
  1146 | D:2      | Reached skill level 1 in Fire Magic
  1146 | D:2      | Reached skill level 1 in Ice Magic
  1146 | D:2      | Reached skill level 1 in Air Magic
  1146 | D:2      | Reached skill level 1 in Earth Magic
  1146 | D:2      | Reached skill level 1 in Poison Magic
  1167 | D:2      | Identified a +0 dagger
  1167 | D:2      | Identified a +0 hunting sling
  1212 | D:2      | Identified a +0 hand axe
  1256 | D:2      | Found an opulent altar of Gozag.
  1345 | D:2      | Found a stormy altar of Qazlal.
  1364 | D:2      | Identified a +0 club
  1364 | D:2      | Identified a +0 hunting sling
  1378 | D:2      | Identified a ring of protection from fire (You found it on
                  | level 2 of the Dungeon)
  1512 | D:2      | Identified a +3 spear (You found it on level 2 of the
                  | Dungeon)
  1627 | D:3      | Identified a +0 club
  1684 | D:3      | Reached XP level 5. HP: 40/40 MP: 6/6
  1714 | D:3      | Identified a +0 club
  1722 | D:3      | Identified a +0 club
  1899 | D:3      | Identified a +0 short sword
  2080 | D:3      | Identified a +0 mace
  2123 | D:3      | Found a glowing silver altar of Zin.
  2127 | D:3      | Found an ancient bone altar of Kikubaaqudgha.
  2489 | D:3      | Reached skill level 3 in Fighting
  2489 | D:3      | Reached skill level 3 in Shields
  2489 | D:3      | Reached skill level 3 in Evocations
  2564 | D:3      | Identified a +0 club
  2566 | D:3      | Identified a +0 dagger
  2627 | D:3      | Identified a +2 whip of venom
  2852 | D:3      | Identified a +0 club
  2970 | D:3      | Quit the game

Table legend:
 A = Turns spent in this place as a percentage of turns spent in the entire game.
 B = Non-inter-level travel turns spent in this place as a percentage of non-inter-level travel turns spent in the entire game.
 C = Inter-level travel turns spent in this place as a percentage of turns spent in this place.
 D = Turns resting spent in this place as a percentage of non-inter-level travel turns spent in this place.
 E = Turns spent auto-exploring this place as a percentage of non-inter-level travel turns spent in this place.
 F = Non-inter-level travel turns spent in this place divided by the number of levels of this place that you've seen.
                   A       B       C       D       E      F
               +-------+-------+-------+-------+-------+----------------------
         Total | 100.0 | 100.0 |   1.2 |  21.0 |  58.4 | 978.0
       Dungeon | 100.0 | 100.0 |   1.2 |  21.0 |  58.4 | 978.0
               +-------+-------+-------+-------+-------+----------------------

Table legend:
 A = Kills in this place as a percentage of kills in entire the game.
 B = Kills by you in this place as a percentage of kills by you in the entire game.
 C = Kills by friends in this place as a percentage of kills by friends in the entire game.
 D = Other kills in this place as a percentage of other kills in the entire game.
 E = Experience gained in this place as a percentage of experience gained in the entire game.
 F = Experience gained in this place divided by the number of levels of this place that you have seen.
                   A       B       C       D       E      F
               +-------+-------+-------+-------+-------+----------------------
         Total | 100.0 | 100.0 |   N/A |   N/A | 100.0 |  89.3
       Dungeon | 100.0 | 100.0 |   N/A |   N/A | 100.0 |  89.3
               +-------+-------+-------+-------+-------+----------------------

Skill      XL: |  1  2  3  4  5 |
---------------+----------------+-----
Invocations    | 1 |  1.7
Short Blades   | 1 |  1.5
Long Blades    | 1 |  1.5
Polearms       | 1 |  1.5
Staves         | 1 |  1.5
Slings         | 1 |  1.5
Bows           | 1 |  1.5
Crossbows      | 1 |  1.5
Throwing       | 1 |  1.5
Dodging        | 1 |  1.5
Stealth        | 1 |  1.5
Unarmed Combat | 1 |  1.5
Spellcasting   | 1 |  1.5
Conjurations   | 1 |  1.2
Hexes          | 1 |  1.2
Charms         | 1 |  1.2
Summonings     | 1 |  1.2
Necromancy     | 1 |  1.2
Translocations | 1 |  1.2
Transmutations | 1 |  1.2
Fire Magic     | 1 |  1.2
Ice Magic      | 1 |  1.2
Air Magic      | 1 |  1.2
Earth Magic    | 1 |  1.2
Poison Magic   | 1 |  1.2
Fighting       | 3 |  3.0
Shields        | 3 |  3.0
Evocations     | 3 |  3.0
Axes           | |  6.7
Maces & Flails | |  4.8
Armour         | |  4.8

Action                   |  1- 3 |  4- 6 || total
-------------------------+-------+-------++-------
Melee: Hand axe          |    85 |    50 ||   135
       Bite              |     8 |     5 ||    13
       Whip              |       |    23 ||    23
       Spear             |       |    10 ||    10
 Fire: Hunting sling     |       |   125 ||   125
Throw: Stone             |     9 |    55 ||    64
  Eat: Ration            |       |     2 ||     2
Armor: Ring mail         |     3 |       ||     3
       Plate armour      |    63 |   100 ||   163
Dodge: Dodged            |    30 |    30 ||    60
Block: Buckler           |    10 |    30 ||    40

Vanquished Creatures
  5 adders
  5 oozes (D:1)
  4 worms
  2 dart slugs
  5 leopard geckos
  2 orcs (D:3)
  16 bats
  13 giant cockroaches
  8 goblins
  13 hobgoblins
  4 jackals (D:1)
  A ball python (D:2)
  3 frilled lizards
  5 kobolds
  10 rats
96 creatures vanquished.
